 Dungeon Crawl Stone Soup version 0.28-a0-919-g0b5b508569 (webtiles) character file.

Game seed: 7617291065076789975

4 enile the Charlatan (level 1, -1/9 HPs)
             Began as a Spriggan Artificer on Nov 25, 2021.
             Slain by a quokka (4 damage)
             ... on level 1 of the Dungeon.
             The game lasted 00:00:36 (151 turns).

enile the Charlatan (Spriggan Artificer)             Turns: 151, Time: 00:00:37

Health: -1/9       AC:  2    Str:  8    XL:     1   Next: 50%
Magic:  2/2        EV: 18    Int: 12    God:
Gold:   0          SH:  0    Dex: 15    Spells: 0/0 levels left

rFire   . . .      SeeInvis +   a - +0 club
rCold   . . .      Faith    .   (shield restricted)
rNeg    . . .      Spirit   .   b - +0 robe
rPois   .          Reflect  .   (helmet restricted)
rElec   .          Harm     .   (no cloak)
rCorr   .          Rampage  .   (gloves unavailable)
Will    .....                   (boots unavailable)
Stlth   ++........              (no amulet)
HPRegen 0.03/turn               (no ring)
MPRegen 0.08/turn               (no ring)

@: very quick
A: very small, no large weapons, unfitting armour, see invisible, speed 3
a: no special abilities


You were on level 1 of the Dungeon.
You visited 1 branch of the dungeon, and saw 1 of its levels.

Inventory:

Hand Weapons
 a - a +0 club (weapon)
Armour
 b - a +0 robe (worn)
Wands
 c - a wand of flame (15) (quivered)
 d - a wand of charming (15)
Potions
 f - a potion of berserk rage {unknown}
Miscellaneous
 e - a piece from Xom's chessboard (15/15)


   Skills:
 - Level 0.7 Fighting
 + Level 3.7 Dodging
 - Level 1.5 Stealth
 - Level 4.0 Evocations


You couldn't memorise any spells.
You didn't know any spells.
Your spell library was empty.

Dungeon Overview and Level Annotations

Branches:
Dungeon (1/15)

Altars:


Innate Abilities, Weirdness & Mutations

You are very small and have problems with some larger weapons.
You are too small for most types of armour.
You have supernaturally acute eyesight. (SInv)
You cover ground extremely quickly. (Speed+++)


Message History

You hit the hobgoblin.
The hobgoblin is heavily wounded.
The hobgoblin completely misses you. The hobgoblin barely misses you.
You barely miss the hobgoblin.
The hobgoblin is heavily wounded.
The hobgoblin hits you.
You closely miss the hobgoblin.
The hobgoblin is heavily wounded.
The hobgoblin closely misses you.
You barely miss the hobgoblin.
The hobgoblin is heavily wounded.
The hobgoblin closely misses you.
The hobgoblin hits you but does no damage.
You closely miss the hobgoblin.
The hobgoblin is heavily wounded.
The hobgoblin misses you.
You hit the hobgoblin.
The hobgoblin is almost dead.
The hobgoblin hits you.
You hit the hobgoblin.
You kill the hobgoblin!
You closely miss the quokka. The quokka completely misses you.
The quokka misses you.
You hit the quokka but do no damage. The quokka completely misses you.
You closely miss the quokka. The quokka completely misses you.
The quokka barely misses you.
You hit the quokka.
The quokka is moderately wounded.
The quokka bites you.
A quokka is nearby!
A quokka is nearby!
A quokka is nearby!
You closely miss the quokka.
The quokka is moderately wounded.
The quokka completely misses you. The quokka bites you.
You are too injured to fight recklessly!
You are too injured to fight recklessly!
You are too injured to fight recklessly!
You barely miss the quokka. The quokka bites you.
You die...

######### #.......#
#.#####.#
#####.#####.##
#.r@.........#
..$...###.#####..#
..### #.#####..#
#........# ########.#
########.# ##..##.##.#
######### #...#.#.#.#
##...8...###....###..#


You could see a quokka.

Vanquished Creatures
  A goblin (D:1)
  A hobgoblin (D:1)
  A quokka (D:1)
3 creatures vanquished.

Notes
Turn   | Place    | Note
-------+----------+-------------------------------------------
     0 | D:1      | enile the Spriggan Artificer began the quest for the Orb.
     0 | D:1      | Reached XP level 1. HP: 9/9 MP: 2/2
   151 | D:1      | Slain by a quokka

Illustrated notes

Levels and vault maps discovered:
D:1:      erik_arrival_orb_chamber, layout_loops_cross, chequers_arboretum

Action                   || total
-------------------------++-------
Melee: Club              ||    28
 Stab: Sleeping          ||     1
Armor: Robe              ||     2
Dodge: Dodged            ||    29

Table legend: (Time is in decaauts)
 A = Elapsed time spent in this place.
 B = Non-inter-level travel time spent in this place.
 C = Inter-level travel time spent in this place.
 D = Time resting spent in this place.
 E = Time spent auto-exploring this place.
 F = Levels seen in this place.
 G = Mean time per level.
                   A        B        C        D        E       F      G
               +--------+--------+--------+--------+--------+-----+--------+
         Total |    139 |    139 |      0 |      0 |     94 |   1 |  139.0 |
       Dungeon |    139 |    139 |      0 |      0 |     94 |   1 |  139.0 |
               +--------+--------+--------+--------+--------+-----+--------+

Top non-repeatable levels by time:
     D:1: 139 daAuts
